 Dungeon Crawl Stone Soup version 0.21.0-24-g2553a33 (webtiles) character file.

968 Mgcat the Cleaver (level 7, 0/52 HPs)
             Began as a Demonspawn Fighter on Jan 19, 2018.
             Slain by Amaterasu's ghost (16 damage)
             ... on level 4 of the Dungeon.
             The game lasted 00:10:42 (5541 turns).

Mgcat the Cleaver (Demonspawn Fighter)              Turns: 5541, Time: 00:10:42

Health: 0/52       AC: 11    Str: 21    XL:     7   Next: 93%
Magic:  0/7        EV:  6    Int: 10    God:
Gold:   193        SH:  0    Dex: 14    Spells: 6/6 levels left

rFire    . . .     SeeInvis .   g - +2 dagger (venom)
rCold    . . .     Gourm    .   (no shield)
rNeg     . . .     Faith    .   p - +0 plate armour (curse)
rPois    .         Spirit   +   (no helmet)
rElec    .         Reflect  .   (no cloak)
rCorr    .         Harm     .   (no gloves)
MR       .....                  (no boots)
Stlth    ..........             (no amulet)
HPRegen  0.17/turn              (no ring)
MPRegen  0.10/turn              (no ring)

@: mighty
A: claws 2, magic shield
a: no special abilities


You were on level 4 of the Dungeon.
You were not hungry.

You visited 1 branch of the dungeon, and saw 4 of its levels.

You collected 193 gold pieces.

Inventory:

Hand Weapons
 a - a +0 war axe
 g - a +2 dagger of venom (weapon)
Armour
 b - a +0 scale mail
 c - a +0 shield
 p - a cursed +0 plate armour (worn)
 v - a +3 scale mail of magic resistance
Jewellery
 j - an uncursed ring of wizardry {unknown}
 m - an uncursed amulet of regeneration {unknown}
Scrolls
 i - a scroll of random uselessness {unknown}
 k - 2 scrolls of identify {unknown}
 l - a scroll of noise {unknown}
 q - a scroll of teleportation {unknown}
 r - a scroll of enchant armour {unknown}
 u - 5 scrolls of remove curse {unknown}
Potions
 d - a potion of might
 e - 5 potions of brilliance {unknown}
 h - 2 potions of mutation {unknown}
 n - a potion of degeneration {unknown}
 o - 2 potions of magic {unknown}
 s - a potion of lignification {unknown}
Comestibles
 f - 7 rations
 t - 6 chunks of flesh


   Skills:
 - Level 3.1 Fighting
 + Level 8.4 Axes
 - Level 2.8 Armour
 - Level 2.8 Shields


You had 6 spell levels left.
You didn't know any spells.

Dungeon Overview and Level Annotations

Branches:
Dungeon (4/15)
 Temple: D:4-7

Altars:
Kikubaaqudgha
Nemelex Xobeh
Qazlal
Sif Muna
Vehumet

Annotations:
D:4 Amaterasu's ghost, amateur DEWz


Innate Abilities, Weirdness & Mutations

You have very sharp fingernails.
When hurt, damage is shared between your health and your magic reserves.


Message History

Items here: ))) [ ÷ a short sword; a dagger; a short sword; a leather armour a frilled lizard skeleton Amaterasu's ghost (amateur Deep Elf Wizard) comes into view.
It is wielding a weapon of electrocution.
Amaterasu's ghost is nearby!
Amaterasu's ghost turns its malevolent gaze towards you.
Amaterasu's ghost points at you and mumbles some strange words.
The magic dart hits you!
You hit Amaterasu's ghost but do no damage.
Amaterasu's ghost hits you.
You are electrocuted!
Your plate armour prevents you from hitting Amaterasu's ghost.
Amaterasu's ghost gestures at you while chanting.
The magic dart hits you!
You hit Amaterasu's ghost but do no damage.
Amaterasu's ghost hits you but does no damage.
You are electrocuted!
You feel very mighty all of a sudden.
Amaterasu's ghost hits you but does no damage.
You are electrocuted!
You die...

#......## ##...#...##
#.......#####.......(.##
#....................._#
#......####.#.........##
#......# #<##...#...##
#......# ##..#########
#####.## #...# #.####...####
#.##....@W..# #.##....###.####
#....#### #....## # ##..##
####..###.## ###..# #........
##....# #........
#######.÷#..# #........
........##..# #######........
...>....##..####...).)........


You could see Amaterasu's ghost.

Vanquished Creatures
  Grinder (D:3)
  Edmund (D:4)
  A sky beast (D:4)
  A gnoll sergeant (D:3)
  A scorpion (D:4)
  2 vampire bats (D:2)
  A howler monkey (D:4)
  A crimson imp (D:2)
  Natasha (thrice) (D:2)
  A worker ant (D:4)
  3 gnolls
  10 adders
  5 worms
  3 dart slugs
  A leopard gecko (D:1)
  4 orcs
  3 bat skeletons (D:2)
  3 bat zombies (D:2)
  8 giant cockroaches
  8 hobgoblins
  7 jackals
  2 quokkas (D:2)
  2 ball pythons
  7 bats
  5 frilled lizards
  7 goblins
  10 kobolds
  7 rats
108 creatures vanquished.

Vanquished Creatures (others)
  A leopard gecko (D:3)
  A kobold (D:3)
2 creatures vanquished.

Grand Total: 110 creatures vanquished

Notes
Turn   | Place    | Note
-------+----------+-------------------------------------------
     0 | D:1      | Mgcat the Demonspawn Fighter began the quest for the Orb.
     0 | D:1      | Reached XP level 1. HP: 18/18 MP: 1/1
   513 | D:1      | Reached skill level 2 in Axes
   513 | D:1      | Gained mutation: You have sharp fingernails. [demonic ancestry]
   513 | D:1      | Reached XP level 2. HP: 23/24 MP: 2/2
  1103 | D:2      | Reached XP level 3. HP: 27/29 MP: 3/3
  1207 | D:2      | Reached skill level 3 in Axes
  1207 | D:2      | Gained mutation: You have very sharp fingernails. [demonic ancestry]
  1207 | D:2      | Reached XP level 4. HP: 26/35 MP: 4/4
  1468 | D:2      | Reached skill level 4 in Axes
  1811 | D:2      | Found an ancient bone altar of Kikubaaqudgha.
  1829 | D:2      | Gained mutation: When hurt, damage is shared between your health and your magic reserves. [demonic ancestry]
  1829 | D:2      | Reached XP level 5. HP: 28/41 MP: 5/5
  2005 | D:2      | Reached skill level 5 in Axes
  2117 | D:2      | Noticed Natasha
  2124 | D:2      | Killed Natasha
  2570 | D:2      | Noticed Natasha
  2582 | D:2      | Killed Natasha
  2582 | D:2      | Reached XP level 6. HP: 43/47 MP: 4/6
  2647 | D:2      | Noticed Natasha
  2669 | D:2      | Killed Natasha
  3109 | D:2      | Found an ancient bone altar of Kikubaaqudgha.
  3191 | D:3      | Noticed Grinder
  3213 | D:3      | Paralysed by Grinder for 4 turns
  3215 | D:3      | Killed Grinder
  3215 | D:3      | Reached skill level 6 in Axes
  3456 | D:3      | Reached XP level 7. HP: 48/52 MP: 7/7
  3749 | D:3      | Found a deep blue altar of Sif Muna.
  3773 | D:3      | Found a sparkling altar of Nemelex Xobeh.
  4099 | D:2      | Reached skill level 7 in Axes
  4777 | D:4      | Found a radiant altar of Vehumet.
  4912 | D:4      | Noticed Edmund
  4933 | D:4      | Killed Edmund
  5282 | D:3      | Reached skill level 8 in Axes
  5482 | D:4      | Found a stormy altar of Qazlal.
  5525 | D:4      | Noticed Amaterasu's ghost (amateur DEWz)
  5541 | D:4      | Slain by Amaterasu's ghost

Skill      XL: |  1  2  3  4  5  6  7 |
---------------+----------------------+-----
Axes           | 2 3 4 5 6 8 |  8.4
Fighting       | |  3.1
Armour         | |  2.8
Shields        | |  2.8

Action                   |  1- 3 |  4- 6 |  7- 9 || total
-------------------------+-------+-------+-------++-------
Melee: War axe           |    34 |       |       ||    34
       Dagger            |    50 |   229 |   151 ||   430
  Use: Potion            |       |       |     1 ||     1
  Eat: Chunk             |     1 |     7 |     7 ||    15
Armor: Scale mail        |    35 |   152 |    22 ||   209
       Plate armour      |       |       |    70 ||    70
Dodge: Dodged            |    35 |   170 |    60 ||   265
Block: Shield            |    22 |       |       ||    22
